 Dungeon Crawl Stone Soup version 0.28.0-53-g5a82cb258f (webtiles) character file.

Game seed: 6561021744751775507

409 dranuc9 the Conjurer (level 6, 0/32 HPs)
             Began as a Deep Elf Conjurer on July 4, 2022.
             Slain by a scorpion (3 damage)
             ... on level 3 of the Dungeon.
             The game lasted 00:15:08 (3418 turns).

dranuc9 the Conjurer (Deep Elf Conjurer)            Turns: 3418, Time: 00:15:09

Health: 0/32       AC:  2    Str:  4    XL:     6   Next: 58%
Magic:  24/24      EV: 13    Int: 25    God:
Gold:   45         SH:  0    Dex: 13    Spells: 12/15 levels left

rFire   . . .      SeeInvis .   b - +0 short sword
rCold   . . .      Faith    .   (no shield)
rNeg    . . .      Spirit   .   a - +0 robe
rPois   .          Reflect  .   (no helmet)
rElec   .          Harm     .   (no cloak)
rCorr   .          Rampage  .   (no gloves)
Will    +....                   (no boots)
Stlth   ++........              (no amulet)
HPRegen 0.10/turn               c - ring of willpower
MPRegen 0.19/turn               p - ring of magical power

@: no status effects
A: no striking features
a: no special abilities


You were on level 3 of the Dungeon.
You visited 1 branch of the dungeon, and saw 4 of its levels.

You collected 45 gold pieces.

Inventory:

Hand Weapons
 b - a +0 short sword (weapon)
Missiles
 h - 4 poisoned darts (quivered)
 i - 78 arrows
Armour
 a - a +0 robe (worn)
Jewellery
 c - a ring of willpower (left hand)
 e - a ring of willpower
 p - a ring of magical power (right hand)
Scrolls
 d - a scroll of teleportation {unknown}
 f - a scroll of acquirement {unknown}
 j - a scroll of fog {unknown}
 k - a scroll of enchant weapon {unknown}
 m - a scroll of fear {unknown}
 n - a scroll of immolation {unknown}
 o - a scroll of blinking {unknown}
 q - a scroll of amnesia {unknown}
Potions
 g - 2 potions of curing {unknown}
 l - 2 potions of invisibility {unknown}
 r - a potion of flight {unknown}
 s - a potion of haste {unknown}


   Skills:
 + Level 3.2 Dodging
 + Level 3.6 Stealth
 + Level 5.2 Spellcasting
 + Level 7.3 Conjurations


You had 12 spell levels left.
You knew the following spells:

 Your Spells              Type           Power      Damage    Failure   Level
a - Magic Dart            Conj           100%       1d8       1%          1
b - Searing Ray           Conj           86%        2d7       1%          2

Your spell library contained the following spells:

 Spells                   Type           Power      Damage    Failure   Level
 Dazzling Flash           Conj/Hex       48%        N/A       5%          3
 Fulminant Prism          Conj/Hex       12%        3d9       19%         4
 Iskenderun's Mystic Bla  Conj/Tloc      24%        2d7       19%         4
 Call Canine Familiar     Summ           6%         N/A       24%         3
 Ozocubu's Armour         Ice            6%         N/A       24%         3
 Portal Projectile        Hex/Tloc       12%        N/A       24%         3
 Leda's Liquefaction      Hex/Erth       3%         N/A       63%         4
 Ozocubu's Refrigeration  Ice            3%         4d5       100%        7


Dungeon Overview and Level Annotations

Branches:
Dungeon (4/15)
 Temple: D:4-7

Altars:


Message History

You start resting.
Magic restored.
Things that are here:
a +0 falchion; a +0 leather armour
Things that are here:
a +0 dagger; a +0 robe
Things that are here:
a +0 club; an orc corpse You now have 45 gold pieces (gained 10).
An endoplasm comes into view.
Casting: Searing Ray (safe; 1% risk of failure)
Confirm with . or Enter, or press ? or * to list all spells.
Aiming: Magic Dart (safe; 1% risk of failure)
Press: ? - help, Shift-Dir - straight line, f - endoplasm
Aim: an endoplasm (asleep, 100% to hit)
The magic dart hits the endoplasm!
You kill the endoplasm!
A black bear comes into view.
A black bear is nearby!
Casting: Magic Dart (safe; 1% risk of failure)
Confirm with . or Enter, or press ? or * to list all spells.
Okay, then.
Okay, then.
The black bear growls angrily.
The gnoll shouts!
The gnoll shouts!
The scorpion stings the plant!
The plant begins to die.
The gnoll shouts!
The gnoll hits you with a +0 club. The gnoll hits you but does no damage.
The gnoll hits you with a +0 club.
A nearby plant withers and dies.
The gnoll hits you with a +0 club! The gnoll hits you with a +0 club.
There is a stone staircase leading up, spattered with blood here.
The gnoll closely misses you. The gnoll hits you with a +0 club.
The scorpion stings you!
* * * LOW HITPOINT WARNING * * *
You climb upwards.
There is a stone staircase leading down here.
The gnoll closely misses you. The scorpion stings you.
You die...

#.....##.....................
#............................
#.....##.....................
#............................
#...........[..........[....(
#...........##<............#.
#...........##[............#.
#........>.g##.........######
#..........g@)...#....##
#..........s[#####....#
####.......### #....#
#.........# ######
#.........# #.........#
#.........# #.........#
##.......##


You could see a scorpion and 2 gnolls.

Vanquished Creatures
  Sigmund (D:2)
  A scorpion (D:4)
  A jelly (D:4)
  Jessica (D:2)
  2 orc wizards
  3 adders
  6 orcs
  2 bats (D:1)
  4 endoplasms
  4 giant cockroaches
  3 goblins
  2 hobgoblins
  5 kobolds
  A quokka (D:2)
  A ball python (D:2)
  6 frilled lizards
  4 rats
47 creatures vanquished.

Vanquished Creatures (others)
  A plant (D:4)
1 creature vanquished.

Grand Total: 48 creatures vanquished

Notes
Turn   | Place    | Note
-------+----------+-------------------------------------------
     0 | D:1      | dranuc9 the Deep Elf Conjurer began the quest for the Orb.
     0 | D:1      | Reached XP level 1. HP: 10/10 MP: 6/6
   164 | D:1      | Found a faded altar of an unknown god.
   240 | D:1      | Reached XP level 2. HP: 15/15 MP: 6/8
   243 | D:1      | Learned a level 2 spell: Searing Ray
   787 | D:1      | Reached skill level 5 in Conjurations
  1431 | D:2      | Reached XP level 3. HP: 19/19 MP: 6/9
  1758 | D:2      | Noticed Jessica
  1760 | D:2      | Killed Jessica
  2045 | D:2      | Noticed Sigmund
  2054 | D:2      | Killed Sigmund
  2055 | D:2      | Reached skill level 6 in Conjurations
  2055 | D:2      | Reached XP level 4. HP: 12/24 MP: 0/12
  2055 | D:2      | Reached XP level 5. HP: 14/28 MP: 0/13
  2613 | D:3      | Reached XP level 6. HP: 32/32 MP: 9/14
  3224 | D:4      | Reached skill level 7 in Conjurations
  3255 | D:4      | Reached skill level 5 in Spellcasting
  3418 | D:3      | Slain by a scorpion

Illustrated notes

Levels and vault maps discovered:
D:1:      roderic_crop_circles_arrival_small, layout_loops_ring,
          nicolae_ecumenical_lake_church
D:2:      layout_basic, grunt_ministairs_13, minivault_25, hex_tiny,
          uniq_jessica, uniq_sigmund
D:3:      layout_rooms
D:4:      nicolae_cairo_tiling, layout_loops_ring, mainiacjoe_overflow_24_doors,
          nicolae_grassy_gnolls

Skill      XL: |  1  2  3  4  5  6 |
---------------+-------------------+-----
Conjurations   | 5 6 7 |  7.3
Dodging        | 3 |  3.2
Stealth        | 3 |  3.6
Spellcasting   | 4 5 |  5.2

Action                   |  1- 3 |  4- 6 || total
-------------------------+-------+-------++-------
Melee: Short sword       |     1 |       ||     1
 Cast: Magic Dart        |    47 |    22 ||    69
       Searing Ray       |     2 |     9 ||    11
Armor: Robe              |     3 |     1 ||     4
Dodge: Dodged            |    10 |     3 ||    13
